 Dungeon Crawl Stone Soup version 0.31-a0-564-g3b7de120b3 (webtiles) character file.

Game seed: 12165497775158580691

4 Dittersdorf the Covered (level 1, -1/14 HPs)
             Began as a Gargoyle Fighter on Aug 17, 2023.
             Frozen to death by an endoplasm (4 damage)
             ... on level 1 of the Dungeon.
             The game lasted 00:00:01 (31 turns).

Dittersdorf the Covered (Gargoyle Fighter)            Turns: 31, Time: 00:00:02

Health: -1/14      AC:  9    Str: 19    XL:     1   Next: 70%
Magic:  1/1        EV:  9    Int:  8    God:
Gold:   0          SH:  4    Dex:  9    Spells: 0/0 levels left

rFire   . . .        a - +0 flail
rCold   . . .        c - +0 buckler
rNeg    + . .        b - +0 scale mail
rPois   ∞            (no helmet)
rElec   +            (no cloak)
rCorr   .            (no gloves)
SInv    .            (no boots)
Will    .....        (no amulet) Stlth
                     (no ring)
HPRegen 0.22/turn    (no ring)
MPRegen 0.07/turn

%: no passive effects
@: no status effects
A: sickness immunity, AC +2, negative energy resistance 1, electricity
resistance, torment resistance 1, petrification resistance
a: no special abilities


You were on level 1 of the Dungeon.
You visited 1 branch of the dungeon, and saw 1 of its levels.

Inventory:

Hand Weapons
 a - a +0 flail (weapon)
Armour
 b - a +0 scale mail (worn)
 c - a +0 buckler (worn)
Potions
 d - a potion of might


   Skills:
 + Level 3.3 Fighting
 + Level 2.1 Maces & Flails
 + Level 3.3 Armour
 + Level 3.3 Shields


You couldn't memorise any spells.
You didn't know any spells.
Your spell library was empty.

Dungeon Overview and Level Annotations

Branches:
Dungeon (1/15)

Altars:


Innate Abilities, Weirdness & Mutations

You are immune to sickness and miasma.
Your stone body is resilient. (AC +2)
You are immune to poison.
You resist negative energy. (rN+)
You are resistant to electric shocks. (rElec)
You are resistant to unholy torment.
You are immune to petrification.


Message History

The bat hits you but does no damage. The kobold hits you but does no damage.
You barely miss the kobold. The giant cockroach barely misses you.
The kobold completely misses you. You block the kobold's attack.
You block the endoplasm's attack.
You hit the kobold.
The kobold is severely wounded.
The bat misses you. You block the bat's attack.
The giant cockroach closely misses you. The bat barely misses you.
The kobold hits you but does no damage. The endoplasm completely misses you.
The kobold hits you but does no damage. The giant cockroach barely misses you.
You sock the kobold!
You kill the kobold!
You block the bat's attack.
The giant cockroach bites you but does no damage.
The kobold barely misses you.
The endoplasm hits you but does no damage.
You block the kobold's attack. The giant cockroach bites you.
The endoplasm barely misses you.
You barely miss the endoplasm.
The giant cockroach bites you but does no damage.
The kobold misses you. The endoplasm freezes you.
You are frozen.
The endoplasm hits you but does no damage.
You sock the endoplasm!
You kill the endoplasm!
The bat hits you but does no damage. You block the giant cockroach's attack.
The kobold hits you but does no damage.
The endoplasm hits you but does no damage.
The giant cockroach barely misses you.
You sock the giant cockroach!
You kill the giant cockroach!
The bat hits you but does no damage. You block the kobold's attack.
The endoplasm freezes you.
You are frozen.
* * * LOW HITPOINT WARNING * * *
The bat completely misses you. The endoplasm freezes you.
You are frozen.
You die...

.#.#.....#
.........##
......(...#
..........#
.>........#
..........#
......)KJ.#####
......b@)$.....
.#......######>
###.#....#### #
####....# ####.#
#.### ###. ##...#
..~♣♣♣♣♣~...###.
.~~♣≈♣≈≈~~.......


You could see an endoplasm, a bat and a kobold.

Vanquished Creatures
  An endoplasm (D:1)
  2 giant cockroaches (D:1)
  A kobold (D:1)
  A goblin (D:1)
5 creatures vanquished.

Notes
Turn   | Place    | Note
-------+----------+-------------------------------------------
     0 | D:1      | Dittersdorf the Gargoyle Fighter began the quest for the
                  | Orb.
     0 | D:1      | Reached XP level 1. HP: 14/14 MP: 1/1
    31 | D:1      | Frozen to death by an endoplasm

Illustrated notes

Levels and vault maps discovered:
D:1:      reono_arrival_forest_river, layout_rooms, serial_glass,
          glass_columns_b, glass_columns_a, dreamdust_wishing_well

Action                     || total
---------------------------++-------
  Melee: Flail             ||    15
 Armour: Scale mail        ||    25
  Dodge: Dodged            ||    20
  Block: Buckler           ||    14

Table legend: (Time is in decaauts)
 A = Elapsed time spent in this place.
 B = Non-inter-level travel time spent in this place.
 C = Inter-level travel time spent in this place.
 D = Time resting spent in this place.
 E = Time spent auto-exploring this place.
 F = Levels seen in this place.
 G = Mean time per level.
                   A        B        C        D        E       F      G
               +--------+--------+--------+--------+--------+-----+--------+
         Total |     38 |     38 |      0 |      0 |     17 |   1 |   38.0 |
       Dungeon |     38 |     38 |      0 |      0 |     17 |   1 |   38.0 |
               +--------+--------+--------+--------+--------+-----+--------+

Top non-repeatable levels by time:
     D:1: 38 daAuts
